 Dungeon Crawl Stone Soup version 0.31-a0-981-geadf994542 (webtiles) character file.

Game seed: 7613980562926585080

672 Firecrotchwizard the Ruffian (level 7, -6/36 HPs)
             Began as a Vine Stalker Shapeshifter on Nov 1, 2023.
             Was a Follower of Wu Jian.
             Splashed by a jelly's acid (8 damage)
             ... on level 5 of the Dungeon.
             The game lasted 00:11:22 (2956 turns).

Firecrotchwizard the Ruffian (VSSh)                 Turns: 2956, Time: 00:11:23

Health: -6/36      AC: -15   Str: 19    XL:     7   Next: 59%
Magic:  0/17       EV: 10    Int: 10    God:    Wu Jian [*.....]
Gold:   162        SH:  0    Dex: 13    Spells: 6/6 levels left

rFire   + .          .
                       - Unarmed
rCold   . . .        (no shield)
rNeg    . . .        u - +3 scale mail {rF+}
rPois   .            (helmet currently unavailable)
rElec   .            (cloak currently unavailable)
rCorr   .            (gloves currently unavailable)
SInv    .            (boots currently unavailable)
Will    .....        (no amulet) Stlth
                     w - ring of magical power
HPRegen 1.06/turn    (no ring)
MPRegen 0.15/turn

%: guardian spirit
@: beast-form, corroded
A: beast (slay +2), fangs 2, regeneration 1, magic shield, antimagic bite, no
potion heal 2
a: Begin Untransformation, Renounce Religion


You were on level 5 of the Dungeon.
You worshipped Wu Jian.
Wu Jian was aware of your devotion.
You were a hulking beast.
You visited 2 branches of the dungeon, and saw 6 of its levels.
You also visited: Sewer.

You collected 162 gold pieces.

Inventory:

Hand Weapons
 s - a +1 dagger of venom
Missiles
 A - 5 poisoned darts
Armour
 a - a +0 animal skin
 o - a +0 scale mail
 u - a +3 scale mail of fire resistance (worn)
Jewellery
 k - a ring of fire
 w - a ring of magical power (left hand)
Talismans
 c - a beast talisman
 d - a flux talisman
Wands
 m - a wand of iceblast (9)
Scrolls
 f - a scroll of fog
 g - a scroll of blinking
 h - 3 scrolls of noise
 i - 6 scrolls of identify
 l - a scroll of vulnerability
 t - 3 scrolls of teleportation
 y - 2 scrolls of fear
 z - a scroll of amnesia {unknown}
 C - a scroll of poison {unknown}
Potions
 b - 2 potions of lignification
 e - 2 potions of attraction {unknown}
 j - 2 potions of curing {unknown}
 n - 2 potions of heal wounds {unknown}
 p - 2 potions of haste {unknown}
 q - a potion of mutation {unknown}
 r - a potion of might {unknown}
 v - a potion of brilliance {unknown}
 x - a potion of resistance {unknown}
 B - 2 potions of ambrosia {unknown}


   Skills:
 + Level 3.6 Fighting
 - Level 1.5 Dodging
 * Level 6.4 Unarmed Combat
 + Level 4.7 Shapeshifting


You had 6 spell levels left.
You didn't know any spells.
Your spell library contained the following spells:

 Spells                   Type           Power      Damage    Failure   Level
 Slow                     Hex            0%         N/A       77%         1
 Sublimation of Blood     Necr           0%         N/A       88%         2
 Wereblood                Tmut           0%         N/A       88%         2
 Confusing Touch          Hex            0%         N/A       98%         3
 Sigil of Binding         Hex            0%         N/A       98%         3
 Vampiric Draining        Necr           0%         2d6       98%         3
 Summon Hydra             Summ           0%         N/A       100%        7


Dungeon Overview and Level Annotations

Branches:
Dungeon (5/15)             Temple (1/1) D:4           Sewer (visited)

Altars:
Ashenzari
Dithmenos
Elyvilon
Hepliaklqana
Kikubaaqudgha
Makhleb
Nemelex Xobeh
Okawaru
Qazlal
Sif Muna
Trog
Uskayaw
Vehumet
Wu Jian
Xom
Zin

Annotations:
D:3 4 runed translucent doors, Crazy Yiuf; Stellion's ghost, amateur SpBr


Innate Abilities, Weirdness & Mutations

You are a hulking beast.
Your limbs bulge with bestial killing power. (Slay +2)
You have extremely sharp teeth.
Your natural rate of healing is unusually fast.
When hurt, damage is shared between your health and your magic reserves.
Your bite disrupts and absorbs the magic of your enemies.
Potions cannot restore your health.


Message History

The scorpion stings you but does no damage.
You hit the scorpion. Your bite misses the scorpion.
The scorpion is heavily wounded.
You feel sick. The scorpion barely misses you.
You barely miss the scorpion.
You bite the scorpion, but do no damage.
The scorpion is heavily wounded.
You feel sick.
The scorpion stings you but does no damage.
You punch the scorpion!
You kill the scorpion!
The Council accepts your kill.
You feel sick.
You hear some strange, mumbled words.
A puff of flame appears from out of thin air!
The puff of flame hits you. You resist.
You feel sick. Something hits you but does no damage.
The jelly barely misses you.
You hit something. Your bite misses something.
You feel sick.
You hear some strange, mumbled words.
You are confused.
The jelly closely misses you.
You bump into the rock wall.
You feel sick. Something hits you. The jelly hits you but does no damage.
You're too confused to move!
You feel sick. Something hits you but does no damage.
The jelly closely misses you.
You bump into the rock wall.
You feel sick.
You are no longer poisoned.
Something hits you but does no damage. The jelly barely misses you.
You miss something. Your bite misses something.
You hear some strange, mumbled words.
Something tries to affect you, but you resist.
The jelly hits you but does no damage.
Unknown command.
You bump into the rock wall.
Something hits you but does no damage.
You barely miss something. Your bite misses something.
You feel less confused. Something hits you but does no damage.
You miss something. Your bite misses something. You punch something!
Your bite misses something.
An orc wizard appears from thin air!
Reactivating autopickup.
The orc wizard casts a spell at you. The magic dart hits you.
Unknown command.
You hit the orc wizard.
You kill the orc wizard!
The Council accepts your kill.
You hit the jelly. The acid corrodes you!
Your hands burn!
The jelly is moderately wounded.
The jelly hits you. The acid corrodes you!
You are splashed with acid!
You hit the jelly.
Your hands burn!
You bite the jelly, but do no damage.
The jelly is heavily wounded.
The jelly hits you. The acid corrodes you!
You are splashed with acid!
* * * LOW MAGIC WARNING * * *
* * * LOW HITPOINT WARNING * * *
You hit the jelly but do no damage. The acid corrodes you!
Your hands burn!
* * * LOW MAGIC WARNING * * *
You bite the jelly, but do no damage.
The jelly is heavily wounded.
The jelly barely misses you.
You hit the jelly but do no damage.
Your hands burn!
* * * LOW HITPOINT WARNING * * *
You bite the jelly, but do no damage.
The jelly is heavily wounded.
The jelly closely misses you.
You hit the jelly but do no damage.
Your hands burn!
* * * LOW HITPOINT WARNING * * *
The jelly is heavily wounded.
The jelly misses you.
You hit the jelly.
Your hands burn!
* * * LOW MAGIC WARNING * * *
* * * LOW HITPOINT WARNING * * *
You bite the jelly, but do no damage.
The jelly is severely wounded.
You hit the jelly but do no damage. The acid corrodes you!
Your hands burn!
* * * LOW MAGIC WARNING * * *
* * * LOW HITPOINT WARNING * * *
You bite the jelly, but do no damage.
The jelly is severely wounded.
The jelly hits you.
* * * LOW HITPOINT WARNING * * *
You are splashed with acid!
* * * LOW MAGIC WARNING * * *
* * * LOW HITPOINT WARNING * * *
You hit the jelly. The acid corrodes you!
Your hands burn!
* * * LOW MAGIC WARNING * * *
* * * LOW HITPOINT WARNING * * *
You bite the jelly, but do no damage.
The jelly is almost dead.
The jelly hits you.
* * * LOW HITPOINT WARNING * * *
The acid corrodes you!
You are splashed with acid!
* * * LOW MAGIC WARNING * * *
You die...

.#..#...#
..#..#...#
####..#..#.###
##.....#..#.###
#......#......#
##..######.#####
#.)).......#
#?..#.#######
#...#.#.Jh..#
#/.##.#####.#
...# #.. # ..#.
### .##


You could see a jelly.

Vanquished Creatures
  Grinder (D:3)
  Eustachio (D:4)
  A scorpion (D:5)
  An orc priest (D:4)
  Ijyb (D:3)
  Terence (D:3)
  An orc wizard (D:5)
  9 adders
  3 dart slugs
  5 orcs
  9 ball pythons
  5 bats
  8 endoplasms
  A giant cockroach (D:4)
  8 goblins
  7 hobgoblins
  3 quokkas (D:2)
  13 frilled lizards
  9 kobolds
  7 rats
94 creatures vanquished.

Notes
Turn   | Place    | Note
-------+----------+-------------------------------------------
     0 | D:1      | Firecrotchwizard the Vine Stalker Shapeshifter began the
                  | quest for the Orb.
     0 | D:1      | Reached XP level 1. HP: 9/9 MP: 2/2
    28 | D:1      | Reached skill level 1 in Fighting
    95 | D:1      | Reached XP level 2. HP: 8/14 MP: 3/3
   331 | D:1      | Reached XP level 3. HP: 18/18 MP: 4/4
   765 | D:2      | Reached skill level 4 in Unarmed Combat
   804 | D:2      | Reached XP level 4. HP: 23/23 MP: 5/5
  1060 | D:2      | Found a bloodstained altar of Trog.
  1154 | D:3      | Noticed Ijyb
  1162 | D:3      | Killed Ijyb
  1209 | D:3      | Found a runed translucent gate.
  1209 | D:3      | Found a runed translucent gate.
  1210 | D:3      | Found a runed translucent gate.
  1216 | D:3      | Noticed Stellion's ghost (amateur SpBr)
  1261 | D:3      | Reached XP level 5. HP: 26/26 MP: 6/6
  1495 | D:3      | Noticed Terence
  1504 | D:3      | Killed Terence
  1509 | D:3      | Found a hide-covered altar of Uskayaw.
  1563 | D:3      | Noticed Grinder
  1563 | D:3      | Paralysed by Grinder for 2 turns
  1572 | D:3      | Killed Grinder
  1573 | D:3      | Reached skill level 5 in Unarmed Combat
  1573 | D:3      | Reached XP level 6. HP: 32/32 MP: 7/7
  1662 | D:3      | Found a runed translucent door.
  1663 | D:3      | Noticed Crazy Yiuf
  1902 | D:4      | Found a staircase to the Ecumenical Temple.
  1952 | Temple   | Entered the Ecumenical Temple
  1973 | Temple   | Became a worshipper of the Wu Jian Council
  2096 | D:4      | Found a glowing drain.
  2100 | Sewer    | Entered a sewer
  2241 | Sewer    | Reached XP level 7. HP: 36/36 MP: 8/8
  2462 | D:4      | Noticed Eustachio
  2497 | D:4      | Killed Eustachio
  2498 | D:4      | Reached skill level 6 in Unarmed Combat
  2603 | D:4      | Reached * piety under Wu Jian
  2746 | D:4      | Found a shadowy altar of Dithmenos.
  2894 | D:5      | Entered Level 5 of the Dungeon
  2956 | D:5      | Splashed by a jelly's acid

Illustrated notes

Levels and vault maps discovered:
D:1:      lightli_arrival_chessboard, layout_rooms
D:2:      layout_rooms, serial_corexii_hall, corexii_hall_statues_t,
          corexii_hall_statues_s, corexii_hall_statues_i,
          chequers_hall_statues_y, basic_altar, minmay_randomly_rotated_circles
D:3:      layout_rooms, nicolae_uskayaw_murder_on_the_dancefloor,
          gammafunk_ghost_necromancy, uniq_ijyb, uniq_grinder,
          uniq_crazy_yiuf_cottage, uniq_terence
D:4:      layout_rooms, mainiacjoe_overflow_alcove_2,
          minmay_temple_entry_statues_pillars,
          mainiacjoe_sewer_entry_somewhere_in_here_2, uniq_eustachio
D:5:      layout_basic, mainiacjoe_overflow_concentric_impassable,
          mainiacjoe_overflow_tiny_flanked, serial_shops,
          nicolae_shop_real_fake_doors
Temple:   compressed_dpeg_triangle_lava_temple

Skill      XL: |  1  2  3  4  5  6  7 |
---------------+----------------------+-----
Fighting       | 1 2 3 |  3.6
Unarmed Combat | 4 5 6 |  6.4
Shapeshifting  | 4 |  4.7
Dodging        | |  1.5

Action                     |  1- 3 |  4- 6 |  7- 9 || total
---------------------------+-------+-------+-------++-------
  Melee: Unarmed           |    27 |    46 |    59 ||   132
         Bite              |    17 |    25 |    12 ||    54
         Dagger            |    45 |    65 |       ||   110
         Punch             |     2 |     7 |     2 ||    11
Ability: Lunge             |       |     5 |     4 ||     9
         Whirlwind         |       |       |     2 ||     2
    Use: Scroll            |       |     9 |       ||     9
 Armour: Animal skin       |     9 |       |       ||     9
         Scale mail        |    35 |    52 |    44 ||   131
  Dodge: Dodged            |    30 |    41 |    21 ||    92

Table legend: (Time is in decaauts)
 A = Elapsed time spent in this place.
 B = Non-inter-level travel time spent in this place.
 C = Inter-level travel time spent in this place.
 D = Time resting spent in this place.
 E = Time spent auto-exploring this place.
 F = Levels seen in this place.
 G = Mean time per level.
                   A        B        C        D        E       F      G
               +--------+--------+--------+--------+--------+-----+--------+
         Total |   3028 |   2881 |    147 |    108 |   2047 |   7 |  432.6 |
       Dungeon |   2575 |   2464 |    111 |     61 |   1807 |   5 |  515.0 |
        Temple |     37 |      1 |     36 |      0 |      0 |   1 |   37.0 |
         Sewer |    414 |    414 |      0 |     47 |    240 |   1 |  414.0 |
               +--------+--------+--------+--------+--------+-----+--------+

Top non-repeatable levels by time:
     D:3: 723 daAuts
     D:4: 678 daAuts
     D:2: 578 daAuts
     D:1: 535 daAuts
   Sewer: 414 daAuts
     D:5: 59 daAuts
  Temple: 37 daAuts
